 Dungeon Crawl Stone Soup version 0.22-a0-412-g2b68d144a4 (webtiles) character file.

84 Kriby the Ruffian (level 4, 0/44 HPs)
             Began as a Troll Monk on May 12, 2018.
             Slain by Crazy Yiuf
             ... wielding a +3 quarterstaff of chaos
              (5 damage)
             ... on level 2 of the Dungeon.
             The game lasted 00:01:08 (1306 turns).

Kriby the Ruffian (Troll Monk)                      Turns: 1306, Time: 00:01:09

Health: 0/44       AC:  5    Str: 20    XL:     4   Next: 24%
Magic:  10/12      EV:  1    Int:  6    God:
Gold:   86         SH:  0    Dex: 12    Spells: 3/3 levels left

rFire    . . .     SeeInvis .     - Unarmed
rCold    . . .     Gourm    +   o - +0 shield
rNeg     + + +     Faith    .   a - +0 robe
rPois    ∞         Spirit   .   (helmet restricted)
rElec    .         Reflect  .   (no cloak)
rCorr    .         Harm     .   (gloves unavailable)
MR       .....     Rnd*Tele +   (boots unavailable)
Stlth    ++........             (no amulet)
HPRegen  0.54/turn              e - ring of magical power
MPRegen  0.13/turn              k - ring of teleportation (curse)

@: lethally poisoned (0 -> 0), petrified
A: large, unfitting armour, claws 3, fast metabolism 3, gourmand, regeneration
1, shaggy fur 1, tough skin 2
a: no special abilities


You were on level 2 of the Dungeon.
You were very full.

You visited 1 branch of the dungeon, and saw 2 of its levels.

You collected 86 gold pieces.

Inventory:

Armour
 a - a +0 robe (worn)
 o - a +0 shield (worn)
Jewellery
 e - a ring of magical power (left claw)
 k - a cursed ring of teleportation (right claw)
Scrolls
 c - 4 scrolls of identify
 g - a scroll of enchant weapon
 h - a scroll of teleportation
 n - a scroll of fear {unknown}
Potions
 d - a potion of magic {unknown}
 f - a potion of berserk rage {unknown}
 j - a potion of lignification {unknown}
 l - a potion of haste {unknown}
 m - a potion of curing {unknown}
Comestibles
 b - 6 rations


   Skills:
 + Level 2.9 Fighting
 + Level 2.9 Dodging
 - Level 1.0 Stealth
 * Level 4.2 Unarmed Combat


You had 3 spell levels left.
You didn't know any spells.
Your spell library was empty.

Dungeon Overview and Level Annotations

Branches:
Dungeon (2/15)

Altars:
Elyvilon

Annotations:
D:2 Crazy Yiuf


Innate Abilities, Weirdness & Mutations

You are too large for most types of armour.
You have claws for hands.
Your metabolism is lightning-fast.
You like to eat raw meat.
Your natural rate of healing is unusually fast.
You are covered in fur. (AC +1)
You have very tough skin. (AC +2)


Message History

Crazy Yiuf hits you with a quarterstaff of chaos!
You are poisoned.
Your limbs are stiffening.
You claw Crazy Yiuf!
Crazy Yiuf is severely wounded.
You feel sick.
Crazy Yiuf hits you with a quarterstaff of chaos!
Crazy Yiuf freezes you.
You have turned to stone.
Crazy Yiuf hits you with a quarterstaff of chaos!
Crazy Yiuf burns you.
Crazy Yiuf hits you with a quarterstaff of chaos.
You are electrocuted!
* * * LOW HITPOINT WARNING * * *
Crazy Yiuf hits you with a quarterstaff of chaos!
* * * LOW HITPOINT WARNING * * *
You feel your power leaking away.
Crazy Yiuf hits you with a quarterstaff of chaos!
* * * LOW HITPOINT WARNING * * *
You are electrocuted!
You die...

♣PP.P♣
#.....## #
♣♣P..♣
#......# #
♣♣.♣♣
#......####
♣♣.♣
#......>...
♣.♣♣
#.....#....
♣♣.♣
##...##....
♣.♣♣
##.........
##'##
#..........
#@g.#
#..........
#...#
#..........
#)..#
#..........
#####
#........##
#........#
##.......##
#.........#
#.........#
#.........#


You could see Crazy Yiuf.

Vanquished Creatures
  3 adders (D:2)
  A worm (D:2)
  A dart slug (D:2)
  2 leopard geckos
  2 ball pythons (D:1)
  4 giant cockroaches (D:2)
  6 goblins
  2 hobgoblins (D:2)
  6 jackals (D:1)
  6 bats
  4 frilled lizards
  4 kobolds
  8 rats
  A fungus (D:2)
50 creatures vanquished.

Notes
Turn   | Place    | Note
-------+----------+-------------------------------------------
     0 | D:1      | Kriby the Troll Monk began the quest for the Orb.
     0 | D:1      | Reached XP level 1. HP: 22/22 MP: 0/0
   122 | D:1      | Reached XP level 2. HP: 29/29 MP: 1/1
   741 | D:2      | Reached XP level 3. HP: 36/36 MP: 2/2
   805 | D:2      | Reached skill level 4 in Unarmed Combat
   846 | D:2      | Reached XP level 4. HP: 44/44 MP: 3/3
   886 | D:2      | Found a white marble altar of Elyvilon.
  1294 | D:2      | Found a runed door.
  1298 | D:2      | Noticed Crazy Yiuf
  1306 | D:2      | Slain by Crazy Yiuf

Vault maps used:
D:1:      eino_arrival_water_cross
D:2:      nicolae_overflow_crystal_walls, first_ration, uniq_crazy_yiuf_cottage

Skill      XL: |  1  2  3 |
---------------+----------+-----
Unarmed Combat | 4 |  4.2
Fighting       | |  2.9
Dodging        | |  2.9
Stealth        | |  1.0

Action                   |  1- 3 |  4- 6 || total
-------------------------+-------+-------++-------
Melee: Unarmed           |    63 |    41 ||   104
       Punch             |       |     2 ||     2
  Use: Scroll            |     2 |       ||     2
 Stab: Sleeping          |     2 |       ||     2
       Distracted        |     1 |       ||     1
  Eat: Chunk             |    13 |     4 ||    17
Armor: Robe              |    28 |     9 ||    37
Dodge: Dodged            |    31 |     8 ||    39

Table legend:
 A = Spawn XP
 B = Non-spawn XP
 C = Spawn XP percentage of total XP
 D = Spawn monster count
 E = Non-spawn monster count
 F = Spawn count percentage of total count
 G = Total turns spent on level
                    A         B        C        D         E        F      G
               +---------+---------+-------+---------+---------+-------+---------
         Total |       0 |     121 |   0.0 |       0 |      49 |   0.0 |  1306
               +---------+---------+-------+---------+---------+-------+---------
           D:1 |       0 |      40 |   0.0 |       0 |      26 |   0.0 |   739
           D:2 |       0 |      81 |   0.0 |       0 |      23 |   0.0 |   567
               +---------+---------+-------+---------+---------+-------+---------
